 Dungeon Crawl Stone Soup version 0.31-a0-833-gc15d34cb79 (webtiles) character file.

Game seed: 7287834276302422942

9 runemasterragnar the Changeling (level 2, 21/21 HPs)
             Began as a Demonspawn Shapeshifter on Sept 25, 2023.
             Was a Follower of Yredelemnul.
             Quit the game on level 1 of the Dungeon on Oct 5, 2023.
             The game lasted 00:01:20 (193 turns).

runemasterragnar the Changeling (DsSh)               Turns: 193, Time: 00:01:20

Health: 21/21      AC:  2    Str: 14    XL:     2   Next: 6%
Magic:  2/2        EV: 12    Int: 11    God:    Yredelemnul [*.....]
Gold:   33         SH:  0    Dex: 12    Spells: 1/1 levels left

rFire   . .          .
                       - Unarmed
rCold   . . .        (no shield)
rNeg    . . .        a - +0 animal skin
rPois   .            (helmet currently unavailable)
rElec   .            (cloak currently unavailable)
rCorr   .            (gloves currently unavailable)
SInv    .            (boots currently unavailable)
Will    .....        (no amulet)
Stlth   +            (no ring)
HPRegen 0.23/turn    (no ring)
MPRegen 0.08/turn

%: no passive effects
@: beast-form
A: beast (slay +1), spiny 1
a: Begin Untransformation, Renounce Religion, Recall Undead Harvest


You were on level 1 of the Dungeon.
You worshipped Yredelemnul.
Yredelemnul was noncommittal.
You were a hulking beast.
You visited 1 branch of the dungeon, and saw 1 of its levels.

You collected 33 gold pieces.

Inventory:

Armour
 a - a +0 animal skin (worn)
Magical Staves
 f - a staff of cold
Talismans
 c - a beast talisman (active)
 d - a flux talisman
Scrolls
 e - a scroll of identify {unknown}
Potions
 b - a potion of lignification


   Skills:
 + Level 1.2 Fighting
 - Level 1.7 Dodging
 + Level 2.8 Unarmed Combat
 + Level 0.7 Invocations
 * Level 2.9 Shapeshifting


You had one spell level left.
You didn't know any spells.
Your spell library contained the following spells:

 Spells                   Type           Power      Damage    Failure   Level
 Foxfire                  Conj/Fire      0%         2x1d4     34%         1
 Plasma Beam              Fire/Air       0%         2x1d10    100%        6
 Starburst                Conj/Fire      0%         6d3       100%        6


Dungeon Overview and Level Annotations

Branches:
Dungeon (1/15)

Altars:
Yredelemnul


Innate Abilities, Weirdness & Mutations

You are a hulking beast.
Your limbs bulge with bestial killing power. (Slay +1)
You are partially covered in sharp spines.


Message History

The ball python bites you. The ball python closely misses you.
Your adder zombie bites the ball python.
The ball python dies!
The dead are slithering!
You have reached level 2!
Your demonic ancestry asserts itself...
Sharp spines emerge from parts of your body.
Unknown command.
You swap places.
You swap places.
You swap places.
A hobgoblin comes into view.
You see here a book of Fire.
A hobgoblin is nearby!
A hobgoblin is nearby!
A hobgoblin is nearby!
You hit the hobgoblin.
The hobgoblin is severely wounded.
The hobgoblin is struck by your spines.
You kill the hobgoblin!
The dead are walking!
No target in view!
No target in view!
No target in view!
You swap places.
You now have 33 gold pieces (gained 10).
You swap places.
You swap places.
You pick up a book of Fire and begin reading...
You add the spells Foxfire, Plasma Beam and Starburst to your library.
A bat comes into view.
A bat is nearby!
A bat is nearby!
Unknown command.
Unknown command.
Saving game... please wait.
Welcome back, runemasterragnar the Demonspawn Shapeshifter.
Yredelemnul says: Carry the black torch!
Rouse the idle dead!
Press ? for a list of commands and other information.
Are you sure you want to abandon this character and quit the game? (Confirm with "yes".)

.#..#.##..#.##. #.
..≈.. .
##....##....##.. b##
..≈≈≈
...#.##..#.##..#.# ..
#.[##.#.Z##.#..##.#
##....##ZZZZ##....#
....##.#..##.#Z.##.#. #
....#.##Z.#.##.Z#.##..#
. #..Z.##....##Z...#
#..#.##.Z#.##..#h##..#
#..##Z#..##.#..# ..#
##...Z##....##.. .
....##.#..##.#..##. ..
#.# ..#.## . ## #..
##.. ## #.# .## .. #
##.


You could see a bat (asleep), 2 friendly ball python zombies, a friendly
endoplasm zombie and a friendly hobgoblin zombie.

Vanquished Creatures
  A ball python (D:1)
  An endoplasm (D:1)
  2 hobgoblins (D:1)
  A kobold (D:1)
  2 rats (D:1)
7 creatures vanquished.

Vanquished Creatures (collateral kills)
  A ball python (D:1)
  A bat (D:1)
2 creatures vanquished.

Vanquished Creatures (others)
  A bat zombie (D:1)
1 creature vanquished.

Grand Total: 10 creatures vanquished

Notes
Turn   | Place    | Note
-------+----------+-------------------------------------------
     0 | D:1      | runemasterragnar the Demonspawn Shapeshifter began the
                  | quest for the Orb.
     0 | D:1      | Reached XP level 1. HP: 15/15 MP: 1/1
     7 | D:1      | Found a faded altar of an unknown god.
    21 | D:1      | Prayed at the altar of an unknown god.
    21 | D:1      | Became a worshipper of Yredelemnul the Dark
    21 | D:1      | Reached * piety under Yredelemnul
   162 | D:1      | Gained mutation: You are partially covered in sharp spines.
                  | [demonic ancestry]
   162 | D:1      | Reached XP level 2. HP: 18/21 MP: 2/2
   193 | D:1      | Quit the game

Illustrated notes

Levels and vault maps discovered:
D:1:      evilmike_arrival_hilbert_curve, layout_loops_ring,
          hellmonk_ecumenical_altar_arch_garden, serial_shops,
          nicolae_lakefront_shop, nicolae_eternal_life, serial_park_tiny_pond,
          minmay_tetromino_s4

Action                     || total
---------------------------++-------
  Melee: Unarmed           ||    26
         Punch             ||     1
   Stab: Sleeping          ||     1
 Armour: Animal skin       ||    13
  Dodge: Dodged            ||    17

Table legend: (Time is in decaauts)
 A = Elapsed time spent in this place.
 B = Non-inter-level travel time spent in this place.
 C = Inter-level travel time spent in this place.
 D = Time resting spent in this place.
 E = Time spent auto-exploring this place.
 F = Levels seen in this place.
 G = Mean time per level.
                   A        B        C        D        E       F      G
               +--------+--------+--------+--------+--------+-----+--------+
         Total |    191 |    191 |      0 |      0 |    115 |   1 |  191.0 |
       Dungeon |    191 |    191 |      0 |      0 |    115 |   1 |  191.0 |
               +--------+--------+--------+--------+--------+-----+--------+

Top non-repeatable levels by time:
     D:1: 191 daAuts
